 Dungeon Crawl Stone Soup version 0.20-a0-1126-g0f15420 (webtiles) character file.

140 Finntroll the Ducker (level 5, 0/52 HPs)
             Began as a Troll Fighter on May 17, 2017.
             Slain by Grinder (6 damage)
             ... on level 4 of the Dungeon.
             The game lasted 00:32:27 (2234 turns).

Finntroll the Ducker (Troll Fighter)                Turns: 2234, Time: 00:32:28

Health: 0/52       AC:  8    Str: 24    XL:     5   Next: 2%
Magic:  4/4        EV:  8    Int:  4    God:
Gold:   107        SH:  9    Dex: 10    Spells: 4/4 levels left

rFire    . . .     SeeInvis .   a - +0 flail
rCold    . . .     Gourm    +   c - +0 shield
rNeg     . . .     Faith    +   m - +0 robe
rPois    .         Spirit   .   (helmet restricted)
rElec    .         Reflect  .   z - +2 cloak
rCorr    .         Harm     .   (gloves unavailable)
MR       .....                  (boots unavailable)
Stlth    +.........             y - amulet of faith
Regen    0.6/turn               (no ring)
MPRegen  0.1/turn               (no ring)

@: no status effects
A: unfitting armour, claws 3, fast metabolism 3, gourmand, regeneration 1,
shaggy fur 1, tough skin 2
a: no special abilities


You were on level 4 of the Dungeon.
You were not hungry.

You visited 1 branch of the dungeon, and saw 4 of its levels.

You collected 107 gold pieces.

Inventory:

Hand Weapons
 a - a +0 flail (weapon)
 s - a +0 mace
Missiles
 e - 10 stones (quivered)
 k - 5 tomahawks of returning
 n - 25 bolts
 A - 27 arrows
 B - 2 tomahawks
Armour
 b - a +0 robe
 c - a +0 shield (worn)
 g - a +0 leather armour
 i - a cursed +0 helmet
 m - a +0 robe (worn)
 q - a +0 leather armour
 u - a +0 scale mail
 w - a scarf of cloud immunity
 z - a +2 cloak (worn)
Jewellery
 y - an amulet of faith (around neck)
Scrolls
 h - a scroll of teleportation {unknown}
 j - 4 scrolls of remove curse {unknown}
 o - 4 scrolls of identify {unknown}
 v - a scroll of noise {unknown}
Potions
 d - 2 potions of flight {unknown}
 l - a potion of heal wounds {unknown}
 p - 2 potions of degeneration {unknown}
 r - a potion of might
 x - a potion of brilliance {unknown}
Comestibles
 f - 3 bread rations
 t - 2 royal jellies


   Skills:
 + Level 2.9 Fighting
 + Level 2.8 Maces & Flails
 + Level 1.0 Throwing
 + Level 3.2 Dodging
 + Level 3.0 Shields


You had 4 spell levels left.
You didn't know any spells.

Dungeon Overview and Level Annotations

Branches:
Dungeon (4/15)
 Temple: D:4-7

Altars:
Ashenzari
Elyvilon

Shops:
D:4 *

Annotations:
D:4 Grinder


Innate Abilities, Weirdness & Mutations

You are too large for most types of armour.
You have claws for hands.
Your metabolism is lightning-fast.
You like to eat raw meat.
Your natural rate of healing is unusually fast.
You are covered in fur. (AC +1)
You have very tough skin. (AC +2)


Message History

Grinder is heavily wounded.
Grinder hits you.
You writhe in agony.
Grinder hits you.
You writhe in agony.
You hit Grinder.
Grinder is heavily wounded.
Grinder hits you.
You writhe in agony.
You hit Grinder.
Grinder is heavily wounded.
Grinder hits you but does no damage.
You completely miss Grinder.
Grinder is heavily wounded.
Grinder says, "I used to sell toenails on the black market."
Grinder gestures at you. Pain shoots through your body! Grinder hits you!
You writhe in agony.
* * * LOW HITPOINT WARNING * * *
You hit Grinder.
Grinder is heavily wounded.
Grinder hits you!
* * * LOW HITPOINT WARNING * * *
You writhe in agony.
You die...

.................
..##..<..##..... .
#.....#≈≈≈##
#.....≈≈≈≈≈#####
#.....≈≈∩≈≈......###
#.....≈≈.≈≈........
#.....#≈.≈..##....#
#...........##.>..#
#..(....5@...#....#
#............#....##.
#.##..##....(#.......
## #####....)).......
#.....##....#.#
#.....# ##### ##§...+
#§§....^ .≈#^#≈..##


You could see Grinder.

Vanquished Creatures
  An orc wizard (D:3)
  5 adders
  An ooze (D:1)
  4 worms
  6 orcs
  2 giant cockroaches
  5 goblins
  10 hobgoblins
  2 bats
  3 frilled lizards
  4 kobolds
  A quokka skeleton (D:4)
  3 rats
47 creatures vanquished.

Notes
Turn   | Place    | Note
-------+----------+-------------------------------------------
     0 | D:1      | Finntroll the Troll Fighter began the quest for the Orb.
     0 | D:1      | Reached XP level 1. HP: 22/22 MP: 0/0
   208 | D:1      | Reached XP level 2. HP: 25/29 MP: 1/1
   381 | D:2      | Found a white marble altar of Elyvilon.
   651 | D:2      | Reached XP level 3. HP: 36/36 MP: 2/2
   699 | D:2      | Found a shattered altar of Ashenzari.
  1054 | D:3      | Reached XP level 4. HP: 42/44 MP: 3/3
  2020 | D:4      | Found Gysyxag's Assorted Antiques.
  2169 | D:4      | Reached skill level 1 in Throwing
  2204 | D:4      | Noticed Grinder
  2208 | D:4      | Reached XP level 5. HP: 50/52 MP: 4/4
  2226 | D:4      | Paralysed by Grinder for 3 turns
  2234 | D:4      | Slain by Grinder

Vault maps used:
D:1:      enne_arrival_octagon_isle
D:2:      ashenzari_altar_1, elyvilon_altar_3, moated_statue
D:3:      first_bread
D:4:      grunt_qazlal_sundering, dancing_weapons_uskayaw, led_sif_book,
          serial_shops, nicolae_shop_waterfront, uniq_crazy_yiuf_cottage,
          uniq_grinder, uniq_pikel

Skill      XL: |  1  2  3  4 |
---------------+-------------+-----
Maces & Flails | 2 |  2.8
Dodging        | 3 |  3.2
Throwing       | 1 |  1.0
Shields        | 3 |  3.0
Fighting       | |  2.9

Action                   |  1- 3 |  4- 6 || total
-------------------------+-------+-------++-------
Melee: Flail             |   114 |    77 ||   191
Throw: Stone             |    30 |    30 ||    60
  Use: Potion            |     1 |       ||     1
  Eat: Chunk             |     7 |     4 ||    11
       Meat ration       |       |     1 ||     1
       Bread ration      |       |     1 ||     1
Armor: Robe              |    28 |    30 ||    58
Dodge: Dodged            |    28 |    27 ||    55
Block: Shield            |    62 |    41 ||   103
